 Dungeon Crawl Stone Soup version 0.31-a0-664-g902f515a81 (webtiles) character file.

Game seed: 11854605316555976314

73 GigaChad the Shield-Bearer (level 4, -3/37 HPs)
             Began as a Formicid Fighter on Sept 3, 2023.
             Slain by a goblin
             ... wielding a +0 dagger
             ... led by Robin
              (4 damage)
             ... on level 2 of the Dungeon.
             The game lasted 00:02:30 (1115 turns).

GigaChad the Shield-Bearer (Formicid Fighter)       Turns: 1115, Time: 00:02:31

Health: -3/37      AC: 11    Str: 23    XL:     4   Next: 51%
Magic:  4/4        EV:  6    Int:  7    God:
Gold:   24         SH:  5    Dex: 13    Spells: 3/3 levels left

rFire   . . .        a - +0 war axe
rCold   . . .        c - +0 buckler
rNeg    . . .        g - +0 plate armour
rPois   .            (helmet unavailable)
rElec   .            (no cloak)
rCorr   .            (no gloves)
SInv    +            (no boots)
Will    .....        (no amulet) Stlth
                     (no ring)
HPRegen 0.26/turn    (no ring)
MPRegen 0.09/turn

%: no passive effects
@: no status effects
A: permanent stasis, dig shafts and tunnels, antennae 3, four strong arms
a: Dig, Shaft Self


You were on level 2 of the Dungeon.
You visited 1 branch of the dungeon, and saw 2 of its levels.

You collected 24 gold pieces.

Inventory:

Hand Weapons
 a - a +0 war axe (weapon)
Armour
 b - a +0 scale mail
 c - a +0 buckler (worn)
 g - a +0 plate armour (worn)
Jewellery
 k - an amulet of guardian spirit
Scrolls
 f - a scroll of identify {unknown}
 h - a scroll of fog
Potions
 d - a potion of might
 e - a potion of mutation {unknown}
 i - a potion of magic {unknown}
 j - a potion of lignification {unknown}


   Skills:
 * Level 4.0 Fighting
 * Level 3.0 Axes
 * Level 3.8 Armour
 * Level 4.5 Shields


You had 3 spell levels left.
You didn't know any spells.
Your spell library was empty.

Dungeon Overview and Level Annotations

Branches:
Dungeon (2/15)

Altars:

Annotations:
D:2 Robin


Innate Abilities, Weirdness & Mutations

You cannot be hasted, slowed, berserked, paralysed or teleported.
You can dig through walls and to a lower floor.
You have a pair of large antennae on your head. (SInv)
Your four strong arms can wield two-handed weapons with a shield.


Message History

Unknown command.
You hit the hobgoblin.
You kill the hobgoblin!
You hit the goblin. Robin barely misses you.
Unknown command.
You slash the goblin!
You kill the goblin!
You barely miss the goblin.
A frilled lizard comes into view.
Robin hits you from afar with a +4 spear of distortion.
Space warps horribly around you!
* * * LOW HITPOINT WARNING * * *
You block the goblin's attack.
A ball python comes into view.
The goblin hits you but does no damage. Robin barely misses you.
You are too injured to fight recklessly!
Unknown command.
You are too injured to fight recklessly!
Unknown command.
You are too injured to fight recklessly!
Unknown command.
You closely miss the goblin.
The frilled lizard hisses angrily.
You slash the goblin!
You kill the goblin!
Robin throws the goblin at you! The goblin hits you with a +0 dagger.
* * * LOW HITPOINT WARNING * * *
The goblin hits you but does no damage.
Your Axes skill increases to level 3!
You slash the goblin!
You kill the goblin!
You slash the goblin!
You kill the goblin!
You barely miss the goblin.
Robin hits you from afar with a +4 spear of distortion.
* * * LOW HITPOINT WARNING * * *
Space warps around you.
* * * LOW HITPOINT WARNING * * *
The goblin hits you with a +0 dagger.
You die... . . #.## . .#.,,##. ,..#,.. # ##..,.##.# .g.#... #lSg#

###@#
#..)#
#.###
#.#
#.#
#.#
#.#
#.#
#.#
#.#
#.#


You could see Robin, a goblin (strong), a ball python and a frilled lizard.

Vanquished Creatures
  2 adders (D:2)
  3 bats
  6 endoplasms
  4 giant cockroaches
  4 hobgoblins
  6 kobolds
  3 quokkas
  4 ball pythons (D:1)
  3 frilled lizards (D:1)
  13 goblins
  4 rats
52 creatures vanquished.

Notes
Turn   | Place    | Note
-------+----------+-------------------------------------------
     0 | D:1      | GigaChad the Formicid Fighter began the quest for the Orb.
     0 | D:1      | Reached XP level 1. HP: 18/18 MP: 1/1
    74 | D:1      | Reached XP level 2. HP: 24/24 MP: 2/2
   195 | D:1      | Reached XP level 3. HP: 30/30 MP: 3/3
   882 | D:2      | Reached XP level 4. HP: 35/37 MP: 4/4
  1105 | D:2      | Noticed Robin
  1115 | D:2      | HP: 1/37 [Robin/+4 spear of distortion (6)]
  1115 | D:2      | Slain by a goblin

Illustrated notes

Levels and vault maps discovered:
D:1:      onia_arrival_mini_maze, layout_loops_ring, minmay_lizard_pond
D:2:      layout_loops_ring, uniq_robin

Skill      XL: |  1  2  3  4 |
---------------+-------------+-----
Fighting       | 4 |  4.0
Axes           | 3 |  3.0
Armour         | |  3.8
Shields        | |  4.5

Action                     |  1- 3 |  4- 6 || total
---------------------------+-------+-------++-------
  Melee: War axe           |    85 |    30 ||   115
    Use: Scroll            |     1 |       ||     1
 Armour: Scale mail        |    11 |       ||    11
         Plate armour      |    33 |    34 ||    67
  Dodge: Dodged            |    25 |    14 ||    39
  Block: Buckler           |    28 |     8 ||    36

Table legend: (Time is in decaauts)
 A = Elapsed time spent in this place.
 B = Non-inter-level travel time spent in this place.
 C = Inter-level travel time spent in this place.
 D = Time resting spent in this place.
 E = Time spent auto-exploring this place.
 F = Levels seen in this place.
 G = Mean time per level.
                   A        B        C        D        E       F      G
               +--------+--------+--------+--------+--------+-----+--------+
         Total |   1161 |   1157 |      4 |      0 |    862 |   2 |  580.5 |
       Dungeon |   1161 |   1157 |      4 |      0 |    862 |   2 |  580.5 |
               +--------+--------+--------+--------+--------+-----+--------+

Top non-repeatable levels by time:
     D:1: 767 daAuts
     D:2: 394 daAuts
